 Dungeon Crawl Stone Soup version 0.24-a0-434-gd57e52fea8 (webtiles) character file.

Game seed: 13834048106122701630

23 Ilgrip the Vexing (level 2, 21/21 HPs)
             Began as a Demonspawn Arcane Marksman on June 16, 2019.
             Quit the game on level 2 of the Dungeon.
             The game lasted 00:00:51 (742 turns).

Ilgrip the Vexing (Demonspawn Arcane Marksman)       Turns: 742, Time: 00:00:52

Health: 21/21      AC:  6    Str: 10    XL:     2   Next: 72%
Magic:  3/3        EV: 12    Int: 14    God:
Gold:   44         SH:  0    Dex: 13    Spells: 2/3 levels left

rFire    . . .     SeeInvis .   a - +0 hunting sling
rCold    . . .     Gourm    .   (no shield)
rNeg     . . .     Faith    .   p - +0 leather armour {MR+}
rPois    .         Spirit   .   (no helmet)
rElec    .         Reflect  .   q - +0 cloak
rCorr    .         Harm     .   (no gloves)
MR       +....                  (no boots)
Stlth    +.........             (no amulet)
HPRegen  0.07/turn              (no ring)
MPRegen  0.08/turn              (no ring)

@: no status effects
A: thin metallic scales 1
a: no special abilities


You were on level 2 of the Dungeon.
You were not hungry.

You visited 1 branch of the dungeon, and saw 2 of its levels.

You collected 44 gold pieces.

Inventory:

Hand Weapons
 a - a +0 hunting sling (weapon)
 r - a +0 short sword
Missiles
 d - 13 sling bullets (quivered)
 g - 35 stones
Armour
 e - a +0 robe
 p - a +0 leather armour of magic resistance (worn)
 q - a +0 cloak (worn)
Jewellery
 c - an uncursed ring of protection from magic {unknown}
 j - an uncursed ring of resist corrosion {unknown}
Scrolls
 b - a scroll of remove curse {unknown}
 h - a scroll of enchant armour {unknown}
 i - a scroll of teleportation {unknown}
 l - a scroll of amnesia {unknown}
 m - a scroll of magic mapping {unknown}
 o - a scroll of immolation {unknown}
Potions
 k - a potion of mutation {unknown}
 n - a potion of berserk rage {unknown}
Comestibles
 f - 2 rations


   Skills:
 + Level 1.3 Fighting
 + Level 2.1 Slings
 + Level 2.0 Dodging
 + Level 1.0 Spellcasting
 + Level 3.4 Hexes


You had 2 spell levels left.
You knew the following spells:

 Your Spells              Type           Power        Failure   Level  Hunger
a - Corona                Hex            ##.....      9%          1    ##.....

Your spell library contained the following spells:

 Spells                   Type           Power        Failure   Level  Hunger
 Slow                     Hex            ##......     13%         2    ###....
 Inner Flame              Hex/Fire       #.......     47%         3    ####...
 Portal Projectile        Hex/Tloc       #.....       47%         3    ####...
 Cause Fear               Hex            ##........   65%         4    #####..
 Leda's Liquefaction      Hex/Erth       #.........   87%         4    #####..


Dungeon Overview and Level Annotations

Branches:
Dungeon (2/15)

Altars:


Innate Abilities, Weirdness & Mutations

You are partially covered in thin metallic scales. (AC +2)


Message History

You finish putting on your +0 leather armour of magic resistance.
You feel resistant to hostile enchantments.
Done exploring.
You see here a +0 short sword.
You see here a cloak.
q - a cloak Wear which item? (? for menu, Esc to quit)
You start putting on your armour.
You continue putting on your cloak. x4
You finish putting on your +0 cloak.
Done exploring.
You see here a +0 short sword.
r - a +0 short sword
(D) Dungeon
Where to? (Enter - D:1 @ (x,y), ? - help)
You see here a rat corpse.
There is a stone staircase leading down here.
You climb downwards.
Found a black potion.
Found a stone staircase leading up.
There is a stone staircase leading up here.
Are you sure you want to abandon this character and quit the game? (Confirm with "yes".)

#########
#........
#@..!....
#........
#........
#........
#........
#....<...
#########


There were no monsters in sight!

Vanquished Creatures
  A leopard gecko (D:1)
  2 bats (D:1)
  2 giant cockroaches (D:1)
  3 goblins (D:1)
  2 hobgoblins (D:1)
  3 jackals (D:1)
  A frilled lizard (D:1)
  3 kobolds (D:1)
  3 rats (D:1)
20 creatures vanquished.

Notes
Turn   | Place    | Note
-------+----------+-------------------------------------------
     0 | D:1      | Ilgrip the Demonspawn Arcane Marksman began the quest for
                  | the Orb.
     0 | D:1      | Reached XP level 1. HP: 15/15 MP: 2/2
    97 | D:1      | Gained mutation: You are partially covered in thin metallic
                  | scales. (AC +2) [demonic ancestry]
    97 | D:1      | Reached XP level 2. HP: 21/21 MP: 3/3
   742 | D:2      | Quit the game

Levels and vault maps discovered:
D:1:      wander_arrival_estate, layout_loops_ring, grunt_decor_cap,
          minmay_pentomino_x2
D:2:      layout_rooms, serial_curves, eino_curves_01, eino_curves_03,
          first_ration

Skill      XL: |  1  2 |
---------------+-------+-----
Slings         | 2 |  2.1
Dodging        | 2 |  2.0
Fighting       | |  1.3
Spellcasting   | |  1.0
Hexes          | |  3.4

Action                   || total
-------------------------++-------
 Fire: Hunting sling     ||    48
Armor: Robe              ||     2
Dodge: Dodged            ||     7

Table legend:
 A = Non-vault XP
 B = Vault XP
 C = Vault XP percentage of total XP
 D = Non-vault monster count
 E = Vault monster count
 F = Vault count percentage of total count
                 A         B        C        D         E       F
            +---------+---------+-------+---------+---------+-------
      Total |      33 |       0 |   0.0 |      20 |       0 |   0.0
            +---------+---------+-------+---------+---------+-------
        D:1 |      33 |       0 |   0.0 |      20 |       0 |   0.0
            +---------+---------+-------+---------+---------+-------
